 Dungeon Crawl Stone Soup version 0.32-a0-612-g1c984fe9d1 (webtiles) character file.

Game seed: 662989970908674262

7 zenocrate the Sneak (level 1, 9/9 HPs)
             Began as a Felid Earth Elementalist on Mar 4, 2024.
             Quit the game on level 1 of the Dungeon.
             The game lasted 00:00:54 (303 turns).

zenocrate the Sneak (Felid Earth Elementalist)       Turns: 303, Time: 00:00:54

Health: 9/9        AC:  1    Str:  4    XL:     1   Next: 83%
Magic:  5/5        EV: 17    Int: 18    God:
Gold:   84         SH:  0    Dex: 16    Spells: 4/5 levels left
                                        Lives:  0   Deaths: 1

rFire   . . .        (weapon unavailable)
rCold   . . .        (shield unavailable)
rNeg    . . .        (body armour unavailable)
rPois   .            (helmet unavailable)
rElec   .            (cloak unavailable)
rCorr   .            (gloves unavailable)
SInv    +            (boots unavailable)
Will    .....        (no amulet)
Stlth   ++           (no ring)
HPRegen 0.21/turn    (no ring)
MPRegen 0.09/turn

%: no passive effects
@: no status effects
A: very small, claws 1, fangs 3, see invisible, shaggy fur 1, stealthy paws, no
weapons or thrown items, no armour, multi-lived
a: no special abilities


You were on level 1 of the Dungeon.
You visited 1 branch of the dungeon, and saw 1 of its levels.

You collected 84 gold pieces.

Inventory:

Scrolls
 b - a scroll of silence
 c - 2 scrolls of identify
Potions
 a - 2 potions of magic


   Skills:
 - Level 2.6 Dodging
 - Level 2.6 Stealth
 + Level 2.5 Spellcasting
 - Level 0.8 Conjurations
 - Level 2.6 Earth Magic


You had 4 spell levels left.
You knew the following spells:

 Your Spells              Type           Power      Damage    Failure   Level
a - Sandblast             Erth           22%        2d7       6%          1

Your spell library contained the following spells:

 Spells                   Type           Power      Damage    Failure   Level
 Passwall                 Erth           11%        N/A       17%         3
 Stone Arrow              Conj/Erth      16%        3d8       26%         3
 Brom's Barrelling Bould  Conj/Erth      8%         2d3       63%         4
 Petrify                  Alch/Erth      7%         N/A       69%         4


Dungeon Overview and Level Annotations

Branches:
Dungeon (1/15)

Altars:

Shops:
D:1 *


Innate Abilities, Weirdness & Mutations

You have sharp claws.
You have razor-sharp teeth.
You have supernaturally acute eyesight. (SInv)
You are covered in fur. (AC +1)
Your paws help you pounce on unaware monsters.
You are incapable of wielding weapons or throwing items.
You cannot wear armour.
You gain extra lives every three experience levels.


Message History

The kobold hits you but does no damage.
Unknown command.
Casting: Sandblast (safe; 6% risk of failure)
Confirm with . or Enter, or press ? or * to list all spells.
Aiming: Sandblast (safe; 6% risk of failure)
Press: ? - help, Shift-Dir - straight line, f/p - kobold
Aim: a kobold, wielding a +3 short sword and quivering stones (severely wounded, 77% to hit)
The blast of sand hits the kobold but does no damage.
The kobold is severely wounded.
The kobold hits you with a +3 short sword.
Ouch! That really hurt!
A rat comes into view.
Unknown command.
The rat squeaks loudly.
The rat bites you.
* * * LOW HITPOINT WARNING * * *
The kobold attacks as it pursues you! The kobold misses you.
Unknown command.
Unknown command.
The kobold attacks as it pursues you! The kobold misses you.
Unknown command.
Unknown command.
The rat attacks as it pursues you! The rat completely misses you.
The rat attacks as it pursues you! The rat closely misses you.
The rat attacks as it pursues you! The rat completely misses you.
You closely miss the rat. You bite the rat.
You kill the rat!
Unknown command.
You aren't carrying any items that you can evoke.
Unknown command.
Okay, then.
You completely miss the kobold. Your bite misses the kobold.
The kobold hits you with a +0 whip.
You die...
You rejoin the land of the living...
Unknown command.
As you read the scroll labelled FESIMU ADOTAC, it crumbles to dust.
It is a scroll of identify.
b - a scroll of silence Are you sure you want to abandon this character and quit the game? (Confirm with "yes".)

## ..
#.####.#
#...@..#
#.######
## #..
?.. ...


There were no monsters in sight!

Vanquished Creatures
  A giant cockroach (D:1)
  A hobgoblin (D:1)
  A frilled lizard (D:1)
  A goblin (D:1)
  3 kobolds (D:1)
  A rat (D:1)
8 creatures vanquished.

Notes
Turn   | Place    | Note
-------+----------+-------------------------------------------
     0 | D:1      | zenocrate the Felid Earth Elementalist began the quest for
                  | the Orb.
     0 | D:1      | Reached XP level 1. HP: 9/9 MP: 4/4
    65 | D:1      | Found Buewkuet's General Store.
   301 | D:1      | Slain by a kobold
   301 | D:1      | Lost a life (0 lives remaining)
   303 | D:1      | Quit the game

Illustrated notes

Levels and vault maps discovered:
D:1:      dpeg_arrival_arbitrary_b, layout_basic, serial_shops, shop_coins

Action                     || total
---------------------------++-------
  Melee: Unarmed           ||     8
         Bite              ||     1
   Cast: Sandblast         ||    15
    Use: Scroll            ||     1
 Armour: Skin              ||     7
  Dodge: Dodged            ||    14

Table legend: (Time is in decaauts)
 A = Elapsed time spent in this place.
 B = Non-inter-level travel time spent in this place.
 C = Inter-level travel time spent in this place.
 D = Time resting spent in this place.
 E = Time spent auto-exploring this place.
 F = Levels seen in this place.
 G = Mean time per level.
                   A        B        C        D        E       F      G
               +--------+--------+--------+--------+--------+-----+--------+
         Total |    310 |    310 |      0 |      0 |    238 |   1 |  310.0 |
       Dungeon |    310 |    310 |      0 |      0 |    238 |   1 |  310.0 |
               +--------+--------+--------+--------+--------+-----+--------+

Top non-repeatable levels by time:
     D:1: 310 daAuts
